 Dungeon Crawl Stone Soup version 0.28.0-62-gf88900778d (webtiles) character file.

Game seed: 17759329804005867404

102 DankSpanker the Skirmisher (level 4, 0/36 HPs)
             Began as a Demonspawn Berserker on Mar 15, 2024.
             Was a Believer of Trog.
             Killed from afar by an orc wizard (2 damage)
             ... with a magic dart
             ... on level 3 of the Dungeon.
             The game lasted 00:09:04 (2014 turns).

DankSpanker the Skirmisher (Demonspawn Berserker)   Turns: 2014, Time: 00:09:05

Health: 0/36       AC:  8    Str: 19    XL:     4   Next: 49%
Magic:  4/4        EV: 10    Int:  8    God:    Trog [**....]
Gold:   77         SH:  0    Dex: 13    Spells: 3/3 levels left

rFire   . . .      SeeInvis .   h - +1 hand axe (vamp)
rCold   . . .      Faith    +   (no shield)
rNeg    . . .      Spirit   .   d - +0 scale mail
rPois   .          Reflect  .   (no helmet)
rElec   .          Harm     .   (no cloak)
rCorr   .          Rampage  .   (no gloves)
Will    .....                   (no boots)
Stlth   ..........              c - amulet of faith
HPRegen 0.12/turn               (no ring)
MPRegen 0.09/turn               (no ring)

@: confused, on berserk cooldown, slowed, very slow
A: thin metallic scales 1, powered by death 1, condensation shield
a: Renounce Religion, Berserk, Trog's Hand


You were on level 3 of the Dungeon.
You worshipped Trog.
Trog was pleased with you.
You visited 1 branch of the dungeon, and saw 3 of its levels.

You collected 77 gold pieces.

Inventory:

Hand Weapons
 a - a +0 falchion
 h - a +1 vampiric hand axe (weapon)
Armour
 b - a +0 animal skin
 d - a +0 scale mail (worn)
Jewellery
 c - an amulet of faith (around neck)
Scrolls
 e - a scroll of blinking {unknown}
 f - a scroll of fear
 k - a scroll of enchant armour
Potions
 i - 3 potions of resistance {unknown}
 j - a potion of curing {unknown}


   Skills:
 + Level 3.6 Fighting
 + Level 3.4 Long Blades
 + Level 1.5 Axes
 + Level 2.4 Armour
 + Level 2.1 Dodging
 + Level 0.1 Stealth


You had 3 spell levels left.
You didn't know any spells.
Your spell library was empty.

Dungeon Overview and Level Annotations

Branches:
Dungeon (3/15)

Altars:


Innate Abilities, Weirdness & Mutations

You are partially covered in thin metallic scales. (AC +2)
You regenerate a little health from kills.
A meltable shield of frost defends you. (SH +4)


Message History

The orc priest hits you with a +0 dagger.
* * * LOW HITPOINT WARNING * * *
You hit the orc priest.
You kill the orc priest!
Trog accepts your kill.
You miss something.
Something hits you but does no damage. x2
You hit something.
You feel better.
Something hits you but does no damage. x2
You hit something. Something hits you.
* * * LOW HITPOINT WARNING * * *
Something hits you but does no damage.
You closely miss something.
Something hits you but does no damage. x2
You closely miss something. Something hits you but does no damage.
Something hits you.
* * * LOW HITPOINT WARNING * * *
You miss something. Something hits you.
* * * LOW HITPOINT WARNING * * *
Something hits you but does no damage.
You closely miss something. Something hits you but does no damage.
You miss something.
An orc wizard appears from thin air!
Reactivating autopickup.
The orc wizard hits you but does no damage.
You block the orc wizard's attack.
You hit the orc wizard.
You feel better.
The orc wizard is almost dead.
The orc wizard casts a spell at you.
You are confused.
The orc wizard hits you but does no damage.
You bump into the rock wall.
The orc wizard casts a spell at you.
You are more confused.
The orc wizard hits you with a +0 dagger.
* * * LOW HITPOINT WARNING * * *
You miss the orc wizard.
The orc wizard is almost dead.
The orc wizard hits you with a +0 dagger.
* * * LOW HITPOINT WARNING * * *
The orc wizard barely misses you.
The orc wizard gestures at you while chanting.
The magic dart hits you.
You die...

......... .
##.#...?. ..
.......
...###.#...
........###+
.. .........
....###)#..#
......)o@..#
#...###.#..#
# #.#..#
#.#..##
..###.#...#
..........#
...###.#...#
.......<...#
...###..#..#


You could see an orc wizard.

Vanquished Creatures
  An orc priest (D:3)
  An adder (D:2)
  2 orcs (D:3)
  6 ball pythons
  3 bats
  5 endoplasms
  11 giant cockroaches
  6 goblins
  A hobgoblin (D:1)
  2 quokkas
  3 frilled lizards
  5 kobolds
  6 rats
52 creatures vanquished.

Vanquished Creatures (others)
  An orc wizard (D:3)
1 creature vanquished.

Grand Total: 53 creatures vanquished

Notes
Turn   | Place    | Note
-------+----------+-------------------------------------------
     0 | D:1      | DankSpanker the Demonspawn Berserker began the quest for
                  | the Orb.
     0 | D:1      | Reached XP level 1. HP: 18/18 MP: 1/1
   278 | D:1      | Gained mutation: You are partially covered in thin metallic
                  | scales. (AC +2) [demonic ancestry]
   278 | D:1      | Reached XP level 2. HP: 23/24 MP: 2/2
   338 | D:1      | Found a faded altar of an unknown god.
   720 | D:1      | Reached ** piety under Trog
  1022 | D:2      | Gained mutation: You regenerate a little health from kills.
                  | [demonic ancestry]
  1022 | D:2      | Reached XP level 3. HP: 29/29 MP: 3/3
  1991 | D:3      | Gained mutation: A meltable shield of frost defends you.
                  | (SH +4) [demonic ancestry]
  1991 | D:3      | Reached XP level 4. HP: 30/35 MP: 4/4
  2000 | D:3      | Reached skill level 1 in Axes
  2001 | D:3      | HP: 1/35 [orc priest/+0 dagger (2)]
  2007 | D:3      | HP: 1/36 [something (2)]
  2013 | D:3      | HP: 1/36 [orc wizard/+0 dagger (3)]
  2014 | D:3      | Killed from afar by an orc wizard

Illustrated notes

Levels and vault maps discovered:
D:1:      zelgadis_glass_arrival_small, layout_basic,
          ebering_ecumenical_altar_webs, corner_web_ring
D:2:      layout_basic, minmay_worlds_worst_comb
D:3:      minmay_goblin_kobold_castle, layout_basic, kennysheep_flooded_box,
          hangedman_decor_push, uniq_terence

Skill      XL: |  1  2  3  4 |
---------------+-------------+-----
Long Blades    | 3 |  3.4
Armour         | 2 |  2.4
Dodging        | 2 |  2.1
Axes           | 1 |  1.5
Fighting       | |  3.6
Stealth        | |  0.1

Action                   |  1- 3 |  4- 6 || total
-------------------------+-------+-------++-------
Melee: Falchion          |    23 |       ||    23
       Hand axe          |   114 |    16 ||   130
       Punch             |     3 |       ||     3
Invok: Berserk           |     1 |       ||     1
  Use: Scroll            |     2 |       ||     2
 Stab: Sleeping          |     1 |       ||     1
Armor: Scale mail        |    62 |    19 ||    81
       Animal skin       |     1 |       ||     1
Dodge: Dodged            |    99 |     3 ||   102
Block: Other             |       |     2 ||     2
